Map: Ruins of Seras

Players

Arbiterssss - Winner!

  • Race: Protoss Protoss
  • League: Platinum

Ares

  • Race: Protoss Protoss
  • League: Diamond

VOD

Have the link to the VOD?

Description

Time

  • Played on: Sept. 27, 2015, 11:48 p.m.
  • Length: 15:27
Show
View Real Time Build Order
Export as new Build Order

Arbiterssss Protoss - Winner!

Build Orders: Oracle Opening, Phoenix Opening 

Get SALT Encoding   

  12  0:00  Probe (Chrono Boost)  
  13  0:14  Pylon  
  13  0:17  Probe (Chrono Boost)  
  14  0:27  Probe (Chrono Boost)  
  15  0:34  Gateway  
  15  0:37  Probe (Chrono Boost)  
  16  0:43  Assimilator  
  16  0:47  Probe (Chrono Boost)  
  17  0:52  Assimilator  
  17  0:57  Probe (Chrono Boost)  
  18  1:07  Probe (Chrono Boost)  
  19  1:17  Probe (Chrono Boost)  
  20  1:21  Cybernetics Core  
  20  1:27  Probe (Chrono Boost)  
  21  1:34  Pylon  
  21  1:37  Probe (Chrono Boost)  
  22  1:47  Probe (Chrono Boost)  
  23  1:58  Stargate  
  23  2:01  Mothership Core (Chrono Boost)  
  25  2:14  Warp Gate  
  25  2:23  Probe (Chrono Boost)  
  25  2:28  Adept  
  28  2:35  Nexus  
  28  2:37  Probe (Chrono Boost)  
  29  2:53  Oracle (Chrono Boost)  
  29  2:57  Pylon  
  31  3:11  Twilight Council  
  31  3:15  Probe  
  32  3:23  Phoenix (Chrono Boost)  
  34  3:27  Probe  
  35  3:40  Probe  
  34  3:43  Phoenix (Chrono Boost)  
  34  3:46  Probe  
  36  3:52  Probe  
  38  3:57  Probe  
  39  4:04  Probe, Blink (Chrono Boost)  
  39  4:07  Probe  
  38  4:16  Probe, Gateway  
  39  4:17  Gateway  
  39  4:19  Probe  
  40  4:27  Pylon  
  40  4:28  Probe  
  41  4:33  Stalker  
  41  4:35  Probe  
  44  4:40  Pylon  
  44  4:41  Probe  
  44  4:45  Probe  
  46  4:53  Probe  
  46  4:54  Probe  
  46  4:58  Templar Archives  
  46  4:59  Assimilator  
  48  5:00  Assimilator  
  48  5:03  Forge  
  48  5:04  Probe  
  48  5:05  Probe  
  50  5:09  Stalker  
  52  5:14  Probe  
  52  5:17  Pylon  
  52  5:19  Probe  
  54  5:21  Stalker  
  54  5:24  Probe  
  54  5:31  Probe  
  54  5:34  Probe  
  52  5:36  Stalker x2  
  53  5:43  Probe  
  53  5:44  Probe  
  55  5:51  Stalker  
  55  5:55  Probe x2  
  59  6:04  Nexus  
  59  6:07  Probe  
  59  6:08  Probe, Pylon  
  61  6:11  High Templar  
  61  6:18  Probe, High Templar  
  65  6:20  Probe  
  67  6:28  Probe  
  67  6:32  Probe  
  69  6:34  Stalker  
  69  6:38  Probe, Gateway  
  69  6:39  Gateway  
  70  6:41  Gateway  
  70  6:44  Probe  
  70  6:48  Probe  
  70  6:52  Stalker x2, Protoss Ground Weapons Level 1 (Chrono Boost)  
  67  6:56  Probe  
  67  6:57  Probe  
  63  7:08  Probe  
  63  7:11  Probe  
  65  7:15  Photon Cannon  
  65  7:18  Stalker x3  
  65  7:20  Probe  
  71  7:23  Probe  
  71  7:24  Probe  
  73  7:32  Photon Cannon  
  73  7:33  Probe x2  
  75  7:39  Probe, Photon Cannon  
  75  7:43  Probe  
  76  7:44  Psionic Storm  
  76  7:45  Probe  
  76  7:49  Probe  
  78  7:54  Probe  
  76  7:59  Probe  
  76  8:01  High Templar x2  
  76  8:02  High Templar  
  83  8:05  Photon Cannon  
  83  8:09  Probe  
  83  8:10  Probe  
  85  8:13  Probe, Assimilator  
  85  8:15  High Templar, Assimilator  
  85  8:19  Probe  
  88  8:22  Probe  
  89  8:27  Stalker  
  89  8:28  Stalker  
  89  8:29  Probe  
  93  8:36  Stalker x2  
  93  8:38  Probe x2  
  98  8:42  Protoss Ground Weapons Level 2  
  98  8:48  Probe  
  99  8:55  Probe  
  98  8:57  Nexus, Archon  
  98  8:58  Pylon  
  98  9:00  Photon Cannon, High Templar  
  99  9:10  Probe  
  99  9:11  Gateway x2  
  99  9:13  Gateway  
  99  9:14  Probe x2  
  101  9:22  Mothership Core, Pylon  
  101  9:26  High Templar  
  101  9:28  Stalker  
  101  9:30  Probe  
  101  9:31  Probe  
  109  9:35  Photon Cannon  
  109  9:42  High Templar x2  
  109  9:43  Probe, Zealot  
  109  9:45  Archon  
  116  9:47  Pylon x2  
  116  9:48  Probe  
  116  9:51  Probe, Pylon  
  116  9:52  Photon Cannon  
  116  10:04  Gateway  
  116  10:05  Gateway, High Templar  
  118  10:08  Gateway  
  118  10:09  Probe  
  119  10:14  Forge  
  119  10:16  Dark Shrine  
  119  10:17  Probe  
  119  10:21  High Templar x2  
  124  10:24  Archon  
  124  10:25  Probe  
  124  10:28  Gateway  
  125  10:29  Gateway  
  125  10:30  Assimilator  
  125  10:32  Probe  
  125  10:33  Probe  
  125  10:35  Assimilator  
  125  10:42  Probe, Gateway x2  
  126  10:45  Protoss Shields Level 1 (Chrono Boost)  
  126  10:48  Probe  
  127  10:51  Protoss Ground Weapons Level 3 (Chrono Boost)  
  127  10:54  Probe  
  127  10:55  Probe  
  129  11:04  Probe  
  128  11:11  Probe  
  128  11:18  Probe  
  130  11:19  Nexus  
  130  11:22  Pylon  
  130  11:25  Probe  
  131  11:32  Pylon  
  131  11:35  High Templar x2  
  131  11:36  High Templar x4  
  143  11:41  Nexus, Archon  
  143  11:42  Archon x2  
  143  11:43  Pylon  
  143  11:45  Robotics Facility  
  143  11:47  Probe  
  144  11:55  Photon Cannon  
  144  11:56  Photon Cannon  
  144  11:59  Dark Templar x3  
  144  12:00  Dark Templar  
  152  12:05  Stalker x2  
  152  12:06  Zealot x3  
  152  12:07  Zealot  
  164  12:10  Probe x2  
  164  12:13  Pylon  
  164  12:14  Photon Cannon  
  164  12:15  Pylon  
  164  12:22  Pylon  
  164  12:23  Probe  
  153  12:41  High Templar  
  153  12:42  Stalker, High Templar x2  
  153  12:43  Stalker x6  
  171  12:45  Archon  
  171  12:52  Gateway, Protoss Shields Level 2 (Chrono Boost)  
  167  13:02  Assimilator  
  167  13:03  Assimilator  
  167  13:10  Stalker x5  
  167  13:11  Stalker x3  
  183  13:13  Stalker  
  183  13:15  Zealot x2  
  183  13:16  Zealot x2  
  193  13:32  Protoss Ground Armor Level 1 (Chrono Boost), Photon Cannon  
  193  13:33  Pylon  
  193  13:34  Assimilator  
  193  13:37  Observer, Assimilator  
  193  13:39  Dark Templar x3  
  184  14:02  Observer  
  175  14:09  Stalker x8  
  141  14:10  Stalker x5  
  129  14:27  Stalker x3  
  129  14:46  Observer  
  129  14:48  Stalker x9  
  129  14:49  Stalker x3  
  129  14:50  Stalker  
  154  15:08  Stalker x3  
  154  15:09  Stalker  
  162  15:15  Zealot x3  
  162  15:16  Zealot x9  
Show
View Real Time Build Order
Export as new Build Order

Ares Protoss 

Build Orders: Nexus First, Phoenix Opening 

Get SALT Encoding   

  12  0:04  Probe (Chrono Boost)  
  13  0:14  Probe (Chrono Boost)  
  13  0:21  Pylon  
  14  0:24  Probe (Chrono Boost)  
  15  0:38  Probe (Chrono Boost)  
  16  0:48  Probe (Chrono Boost)  
  17  1:00  Nexus  
  17  1:02  Probe (Chrono Boost)  
  18  1:12  Gateway  
  18  1:15  Probe (Chrono Boost)  
  19  1:25  Probe (Chrono Boost)  
  19  1:27  Assimilator  
  20  1:36  Probe (Chrono Boost)  
  21  1:46  Probe (Chrono Boost)  
  22  1:47  Pylon  
  22  1:49  Assimilator  
  22  1:56  Probe (Chrono Boost)  
  22  2:01  Cybernetics Core  
  23  2:05  Probe (Chrono Boost)  
  24  2:12  Probe (Chrono Boost)  
  25  2:15  Probe (Chrono Boost)  
  25  2:22  Probe (Chrono Boost)  
  27  2:25  Probe (Chrono Boost)  
  28  2:30  Pylon  
  28  2:32  Probe (Chrono Boost)  
  28  2:35  Probe (Chrono Boost)  
  30  2:41  Probe (Chrono Boost)  
  30  2:43  Adept (Chrono Boost)  
  31  2:46  Stargate  
  33  2:52  Mothership Core (Chrono Boost)  
  33  2:53  Probe (Chrono Boost)  
  33  2:58  Assimilator  
  36  3:05  Probe (Chrono Boost)  
  36  3:10  Probe (Chrono Boost), Adept  
  36  3:11  Assimilator  
  36  3:12  Pylon  
  37  3:14  Warp Gate  
  37  3:18  Probe (Chrono Boost)  
  40  3:20  Probe (Chrono Boost)  
  41  3:30  Probe (Chrono Boost)  
  41  3:31  Probe (Chrono Boost), Phoenix  
  45  3:42  Probe (Chrono Boost)  
  45  3:45  Probe (Chrono Boost)  
  46  3:50  Stargate  
  46  3:54  Probe (Chrono Boost)  
  46  3:55  Probe (Chrono Boost)  
  47  4:00  Phoenix (Chrono Boost)  
  41  4:04  Probe (Chrono Boost)  
  41  4:05  Probe (Chrono Boost)  
  44  4:17  Probe (Chrono Boost)  
  44  4:18  Probe (Chrono Boost)  
  44  4:19  Phoenix (Chrono Boost)  
  47  4:27  Probe (Chrono Boost)  
  47  4:30  Probe (Chrono Boost)  
  49  4:32  Phoenix (Chrono Boost)  
  49  4:37  Probe (Chrono Boost)  
  52  4:42  Probe  
  52  4:43  Phoenix (Chrono Boost)  
  55  4:49  Probe  
  55  4:54  Probe  
  55  4:56  Phoenix (Chrono Boost)  
  58  5:01  Probe  
  58  5:03  Phoenix (Chrono Boost)  
  58  5:07  Probe  
  62  5:18  Pylon  
  62  5:25  Phoenix (Chrono Boost)  
  62  5:33  Probe x2  
  62  5:47  Probe x2  
  62  5:50  Void Ray x2 (Chrono Boost)  
  62  5:55  Gateway  
  62  5:57  Gateway  
  70  6:03  Pylon x2  
  70  6:04  Pylon  
  70  6:09  Gateway  
  70  6:10  Gateway  
  70  6:13  Pylon  
  70  6:17  Robotics Facility  
  70  6:23  Sentry, Pylon  
  72  6:32  Pylon  
  72  6:33  Void Ray (Chrono Boost), Pylon  
  72  6:53  Probe  
  73  6:56  Void Ray (Chrono Boost)  
  73  6:57  Probe  
  78  7:07  Immortal  
  82  7:08  Void Ray (Chrono Boost)  
  86  7:21  Pylon  
  86  7:24  Nexus  
  86  7:28  Mothership Core  
  86  7:31  Void Ray (Chrono Boost)  
  90  7:43  Probe  
  91  7:46  Observer  
  91  7:49  Probe  
  93  7:58  Probe, Void Ray (Chrono Boost)  
  94  7:59  Pylon  
  98  8:06  Void Ray (Chrono Boost)  
  98  8:07  Pylon  
  98  8:08  Immortal  
  98  8:10  Pylon  
  106  8:13  Probe x2  
  108  8:23  Protoss Air Weapons Level 1  
  108  8:25  Probe  
  109  8:33  Assimilator  
  109  8:34  Assimilator  
  109  8:38  Void Ray (Chrono Boost)  
  113  8:41  Pylon, Void Ray (Chrono Boost)  
  113  8:42  Probe  
  113  8:44  Probe x2  
  120  8:58  Immortal  
  120  9:00  Probe  
  120  9:02  Probe x2  
  125  9:14  Probe, Void Ray (Chrono Boost)  
  125  9:15  Probe  
  125  9:16  Void Ray (Chrono Boost)  
  135  9:33  Probe  
  135  9:35  Probe x2  
  135  9:38  Immortal  
  142  9:47  Probe x2  
  142  9:50  Void Ray (Chrono Boost)  
  142  9:51  Void Ray (Chrono Boost)  
  148  9:59  Forge  
  152  10:10  Pylon  
  152  10:17  Immortal  
  152  10:19  Pylon  
  156  10:23  Nexus  
  156  10:25  Void Ray (Chrono Boost)  
  156  10:26  Void Ray (Chrono Boost)  
  164  10:30  Fleet Beacon  
  164  10:34  Protoss Air Armor Level 1  
  164  10:37  Pylon  
  164  10:40  Protoss Ground Weapons Level 1  
  164  10:46  Photon Cannon x2  
  164  10:55  Pylon  
  164  10:59  Photon Cannon  
  164  11:00  Void Ray (Chrono Boost)  
  164  11:01  Void Ray (Chrono Boost)  
  172  11:13  Zealot  
  172  11:14  Zealot x4  
  182  11:20  Warp Prism  
  184  11:29  Pylon x2  
  184  11:35  Void Ray (Chrono Boost)  
  184  11:36  Tempest (Chrono Boost)  
  192  12:01  Twilight Council  
  192  12:10  Void Ray (Chrono Boost)  
  192  12:11  Void Ray (Chrono Boost)  
  192  12:12  Assimilator  
  192  12:13  Assimilator  
  200  12:18  Stargate  
  200  12:21  Stargate  
  190  12:42  Zealot x5  
  198  12:53  Photon Cannon x2  
  198  12:55  Gateway x2  
  198  12:59  Gateway  
  198  13:00  Protoss Air Weapons Level 2  
  198  13:06  Templar Archives  
  198  13:08  Dark Shrine  
  198  13:12  Charge  
  198  13:17  Observer  
  199  13:31  Assimilator  
  199  13:38  Observer, Photon Cannon  
  199  13:39  Photon Cannon  
  187  13:58  Zealot x3  
  187  13:59  Stalker x4  
  112  14:10  Void Ray (Chrono Boost)  
  112  14:11  Void Ray (Chrono Boost)  
  112  14:15  Void Ray (Chrono Boost)  
  100  14:20  Stalker  
  100  14:23  Stalker x2  
  92  14:26  Stalker, Dark Templar x2  
  82  14:36  Void Ray (Chrono Boost)  
  81  14:45  Void Ray (Chrono Boost)  
  77  14:50  Pylon  
  81  14:59  Mothership Core  
  95  15:22  Photon Cannon  
  95  15:23  Templar Archives  
Tags
 
Add a new tag
Caveats
  • Supply blocks, unpowered buildings, or Contaminate may cause inaccurate times.
  • Supply counts are checked every 10 seconds.